 Dungeon Crawl Stone Soup version 0.30-a0-726-gd89dcf765f (webtiles) character file.

Game seed: 9615374108188265347

975 octoduck the Spear-Bearer (level 8, -4/50 HPs)
             Began as a Merfolk Gladiator on Jan 29, 2023.
             Was a Believer of Hepliaklqana.
             Slain by an ogre
             ... wielding a +0 giant club
              (20 damage)
             ... on level 5 of the Dungeon on Jan 30, 2023.
             The game lasted 00:16:14 (4636 turns).

octoduck the Spear-Bearer (Merfolk Gladiator)       Turns: 4636, Time: 00:16:14

Health: -4/50      AC:  9    Str: 17    XL:     8   Next: 16%
Magic:  8/8        EV: 11    Int:  7    God:    Hepliaklqana [**....]
Gold:   250        SH:  0    Dex: 15    Spells: 7/7 levels left

rFire   + . .      SeeInvis +    a - +0 trident
rCold   . . .      Faith    .    (no shield)
rNeg    . . .      Spirit   .    f - +1 scale mail
rPois   .          Reflect  .    c - +0 helmet
rElec   .          Harm     .    (no cloak)
rCorr   .          Rampage  .    (no gloves)
Will    .....                    l - +0 pair of boots Stlth
                                 (no amulet)
HPRegen 0.28/turn                g - ring of see invisible
MPRegen 0.11/turn                n - ring of protection from fire

@: no status effects
A: reduced essence, (nimble swimmer 2), mertail
a: Renounce Religion, Recall Ancestor, Ancestor Identity


You were on level 5 of the Dungeon.
You worshipped Hepliaklqana.
Hepliaklqana was pleased with you.
You visited 1 branch of the dungeon, and saw 5 of its levels.

You collected 250 gold pieces.

Inventory:

Hand Weapons
 a - a +0 trident (weapon)
 i - a +0 halberd
Missiles
 e - a javelin (quivered)
 o - 4 boomerangs
Armour
 b - a +0 leather armour
 c - a +0 helmet (worn)
 f - a +1 scale mail (worn)
 l - a +0 pair of boots (worn)
 r - a +0 robe of the Archmagi
Jewellery
 g - a ring of see invisible (left hand)
 n - a ring of protection from fire (right hand)
 p - the ring of Pefa Ich {rC+ rN+ rCorr SInv Stlth-}
   (You took it off a goblin on level 3 of the Dungeon)

   [ring of resist corrosion]

   rC:        It protects you from cold.
   rN:        It protects you from negative energy.
   SInv:      It lets you see invisible.
   rCorr:     It protects you from acid and corrosion.
   Stlth:     It makes you less stealthy.
 x - an amulet of guardian spirit
Wands
 w - a wand of acid (11)
 z - a wand of charming (1)
Scrolls
 q - a scroll of teleportation
Potions
 h - 3 potions of curing
 j - a potion of invisibility
 k - a potion of resistance {unknown}
 m - 2 potions of brilliance
 s - 3 potions of heal wounds {unknown}
 t - a potion of attraction {unknown}
 u - 4 potions of mutation
 v - a potion of haste {unknown}
 A - a potion of degeneration {unknown}
 B - a potion of flight {unknown}


   Skills:
 - Level 2.1 Fighting
 + Level 12.5 Polearms
 - Level 2.0 Throwing
 - Level 4.0 Dodging


You had 7 spell levels left.
You didn't know any spells.
Your spell library contained the following spells:

 Spells                   Type           Power      Damage    Failure   Level
 Magic Dart               Conj           0%         1d3       86%         1
 Call Imp                 Summ           0%         N/A       95%         2
 Mephitic Cloud           Conj/Pois/Air  0%         N/A       99%         3


Dungeon Overview and Level Annotations

Branches:
Dungeon (5/15)             Temple (0/1) D:4

Altars:
Hepliaklqana
Nemelex Xobeh
Qazlal
Yredelemnul

Shops:
D:1 *

Annotations:
D:1 blocked shop need dig or something, exclusion: downstairs
D:2 Sigmund


Innate Abilities, Weirdness & Mutations

Your life essence is reduced to manifest your ancestor. (-10% HP)
((You are very nimble when in or above water. (Stealth+, EV+, Speed+++)))
Your lower body shifts to a powerful aquatic tail in water.


Message History

The ogre is moderately wounded.
You hit the ogre.
The ogre is heavily wounded.
You hit the ogre.
The ogre is severely wounded.
The ogre hits you with a +0 giant club!
You closely miss the ogre.
The ogre is severely wounded.
You hit the ogre but do no damage. Your punch misses the ogre.
The ogre is severely wounded.
The ogre hits you with a +0 giant club!!
You are too injured to fight recklessly!
The phantom attacks as you move away! The phantom closely misses you.
The phantom attacks as you move away! The phantom completely misses you.
Throw: throwing net
Press: ? - help, Q - select action, (/) - cycle Shift-Dir - straight line, f - phantom, p - ogre
Aim: a phantom (50% to hit, immune to nets)
You throw a throwing net.
The throwing net barely misses the phantom.
The phantom hits you but does no damage.
The phantom attacks as you move away!
The phantom hits you but does no damage.
The phantom attacks as you move away! The phantom misses you.
The phantom attacks as you move away! The phantom completely misses you.
You see here a +0 short sword.
The phantom attacks as you move away! The phantom hits you.
You open the door. The phantom hits you.
The phantom blinks!
You blink.
The phantom hits you.
* * * LOW HITPOINT WARNING * * *
The phantom blinks!
You blink.
The phantom hits you but does no damage.
The phantom attacks as you move away! The phantom completely misses you.
The phantom attacks as you move away!
The phantom hits you but does no damage.
The phantom attacks as you move away!
The phantom hits you but does no damage.
The ogre attacks as you move away! The ogre barely misses you.
The ogre attacks as you move away!
The ogre hits you with a +0 giant club!!
You die...

#............##....
#.#####'####.##.... ########
#.....#.......
#####.....##.########.####....
....#.##...............)ยง'...)
..........#####.......####..<.
......................# #....
............#.........# #....
......)[O.#(.@O..>....# #....
....#####.#.#.W.......# #.... #
..........#.........# #....
.........##........## #....
.........##......### #....
.........######### #####
.........# .........#
.........#


You could see an ogre and a phantom.

Vanquished Creatures
  A black bear (D:4)
  A centaur (D:5)
  3 scorpions
  3 orc priests
  Terence (D:3)
  Robin (D:2)
  9 gnolls
  4 adders
  A white imp (D:4)
  A worm (D:2)
  4 dart slugs
  4 orcs (D:4)
  3 ball pythons
  5 bats
  5 endoplasms
  4 giant cockroaches
  12 goblins
  7 hobgoblins
  3 quokkas
  3 frilled lizards
  3 kobolds
  4 rats
82 creatures vanquished.

Vanquished Creatures (collateral kills)
  2 scorpions
  The ghost of GiantSquids the Shooter, a weakling BaHu (D:4)
  A howler monkey (D:5)
  An iguana (D:5)
  Natasha (D:2)
  2 gnolls
  An adder (D:4)
  6 orcs
  A ball python (D:4)
  A bat (D:3)
  A giant cockroach (D:3)
  2 goblins (D:2)
  2 hobgoblins
  A kobold (D:4)
  A frilled lizard (D:3)
24 creatures vanquished.

Vanquished Creatures (others)
  A knight (D:5)
  2 ancestors
  2 plants (D:4)
5 creatures vanquished.

Grand Total: 111 creatures vanquished

Notes
Turn   | Place    | Note
-------+----------+-------------------------------------------
     0 | D:1      | octoduck the Merfolk Gladiator began the quest for the Orb.
     0 | D:1      | Reached XP level 1. HP: 16/16 MP: 1/1
   192 | D:1      | Reached skill level 5 in Polearms
   192 | D:1      | Reached XP level 2. HP: 22/22 MP: 2/2
   484 | D:1      | Reached XP level 3. HP: 27/27 MP: 3/3
   639 | D:1      | Found Axtaal's Assorted Antiques.
   930 | D:2      | Noticed Robin
  1136 | D:2      | Reached skill level 6 in Polearms
  1346 | D:2      | Found a hazy altar of Hepliaklqana.
  1363 | D:2      | Reached XP level 4. HP: 29/33 MP: 4/4
  1367 | D:2      | Became a worshipper of Hepliaklqana the Forgotten
  1451 | D:2      | Noticed Sigmund
  1684 | D:2      | Killed Robin
  1742 | D:3      | Found a sparkling altar of Nemelex Xobeh.
  1817 | D:3      | Reached skill level 7 in Polearms
  1830 | D:3      | Noticed Terence
  1981 | D:3      | Reached XP level 5. HP: 38/38 MP: 5/5
  2060 | D:3      | Killed Terence
  2108 | D:3      | Reached * piety under Hepliaklqana
  2138 | D:3      | Identified the ring of Pefa Ich {rC+ rN+ rCorr SInv Stlth-}
  2316 | D:3      | Found a stormy altar of Qazlal.
  2396 | D:2      | Reached skill level 8 in Polearms
  2396 | D:2      | Noticed Natasha
  2399 | D:2      | Killed Natasha
  2659 | D:3      | Reached XP level 6. HP: 28/39 MP: 6/6
  3153 | D:4      | Found a basalt altar of Yredelemnul.
  3192 | D:4      | Reached skill level 9 in Polearms
  3338 | D:4      | Noticed a black bear
  3349 | D:4      | Found a staircase to the Ecumenical Temple.
  3477 | D:3      | Reached skill level 10 in Polearms
  3498 | D:4      | Reached XP level 7. HP: 43/45 MP: 7/7
  3572 | D:4      | Found a runed translucent door.
  3577 | D:4      | Noticed GiantSquids's ghost (weakling BaHu)
  3633 | D:4      | Killed GiantSquids's ghost
  3878 | D:4      | Reached skill level 11 in Polearms
  3913 | D:5      | Entered Level 5 of the Dungeon
  4217 | D:5      | Reached ** piety under Hepliaklqana
  4218 | D:5      | Remembered your ancestor Burt as a knight
  4304 | D:5      | Reached skill level 12 in Polearms
  4304 | D:5      | Reached XP level 8. HP: 42/50 MP: 8/8
  4636 | D:5      | Slain by an ogre

Illustrated notes

Levels and vault maps discovered:
D:1:      nzn_arrival_depleted_hourglass, layout_basic, serial_shops,
          nicolae_shop_statue_plus, minmay_misc_feat_iff
D:2:      layout_loops_cross, basic_altar, hangedman_abyss_or_decor_lesser_grid,
          minivault_5, uniq_robin, uniq_sigmund, uniq_natasha
D:3:      layout_basic, nemelex_spade_bored_becter, old_standard_altar,
          uniq_terence
D:4:      layout_basic, old_standard_altar, minmay_temple_entry_grid,
          ebering_ghost_reflecting_pool, grunt_ministairs_8,
          serial_bayou_pond_a, uniq_eustachio
D:5:      layout_basic, zin_statuary

Skill      XL: |  1  2  3  4  5  6  7 |
---------------+----------------------+-----
Polearms       | 5 6 7 8 10 12 | 12.5
Fighting       | |  2.1
Throwing       | |  2.0
Dodging        | |  4.0

Action                     |  1- 3 |  4- 6 |  7- 9 || total
---------------------------+-------+-------+-------++-------
  Melee: Trident           |    96 |   151 |    61 ||   308
         Punch             |     1 |     1 |       ||     2
  Throw: Throwing net      |       |     2 |     1 ||     3
         Javelin           |       |     1 |       ||     1
         Boomerang         |       |       |     1 ||     1
 Invoke: Ancestor Identity |       |     1 |       ||     1
         Recall Ancestor   |       |       |     2 ||     2
         Ancestor Life: Kn |       |       |     1 ||     1
    Use: Scroll            |       |     6 |     3 ||     9
   Stab: Distracted        |       |       |     1 ||     1
 Armour: Scale mail        |    26 |    31 |     7 ||    64
  Dodge: Dodged            |    35 |    57 |    21 ||   113

Table legend: (Time is in decaauts)
 A = Elapsed time spent in this place.
 B = Non-inter-level travel time spent in this place.
 C = Inter-level travel time spent in this place.
 D = Time resting spent in this place.
 E = Time spent auto-exploring this place.
 F = Levels seen in this place.
 G = Mean time per level.
                   A        B        C        D        E       F      G
               +--------+--------+--------+--------+--------+-----+--------+
         Total |   4602 |   4088 |    514 |   1050 |   1927 |   5 |  920.4 |
       Dungeon |   4602 |   4088 |    514 |   1050 |   1927 |   5 |  920.4 |
               +--------+--------+--------+--------+--------+-----+--------+

Top non-repeatable levels by time:
     D:3: 1171 daAuts
     D:1: 1171 daAuts
     D:4: 893 daAuts
     D:2: 714 daAuts
     D:5: 651 daAuts
